 Dungeon Crawl Stone Soup version 0.27.1-1-g398f81649c (webtiles) character file.

Game seed: 9693073983626715625

2 Elvor the Sneak (level 1, -1/14 HPs)
             Began as a Gargoyle Delver on Sept 15, 2021.
             Slain by a necrophage (4 damage)
             ... on level 5 of the Dungeon.
             The game lasted 00:02:11 (270 turns).

Elvor the Sneak (Gargoyle Delver)                    Turns: 270, Time: 00:02:12

Health: -1/14      AC:  8    Str: 15    XL:     1   Next: 40%
Magic:  1/1        EV: 10    Int: 10    God:
Gold:   15         SH:  0    Dex: 11    Spells: 0/0 levels left

rFire    . . .     SeeInvis .   a - +0 mace
rCold    . . .     Faith    .   (no shield)
rNeg     + . .     Spirit   .   k - +0 ring mail
rPois    ∞         Reflect  .   (no helmet)
rElec    +         Harm     .   (no cloak)
rCorr    .         Rampage  .   j - +0 pair of gloves
Will     .....                  (no boots)
Stlth    ++........             (no amulet)
HPRegen  0.04/turn              (no ring)
MPRegen  0.07/turn              (no ring)

@: hasted, very quick
A: sickness immunity, AC +2, negative energy resistance 1, electricity
resistance, torment resistance 1, petrification resistance
a: no special abilities


You were on level 5 of the Dungeon.
You visited 1 branch of the dungeon, and saw 1 of its levels.

You collected 15 gold pieces.

Inventory:

Hand Weapons
 a - a +0 mace (weapon)
Armour
 b - a +0 leather armour
 j - a +0 pair of gloves (worn)
 k - a +0 ring mail (worn)
Wands
 g - a wand of digging (3)
Scrolls
 c - a scroll of fog
 d - a scroll of magic mapping
 e - a scroll of fear
 h - a scroll of teleportation {unknown}
 i - a scroll of enchant armour {unknown}


   Skills:
 + Level 3.2 Fighting
 + Level 2.0 Maces & Flails
 + Level 1.5 Dodging
 + Level 5.6 Stealth


You couldn't memorise any spells.
You didn't know any spells.
Your spell library was empty.

Dungeon Overview and Level Annotations

Branches:
Dungeon (5/15)
 Temple: D:4-7

Altars:


Innate Abilities, Weirdness & Mutations

You are immune to sickness and miasma.
Your stone body is resilient. (AC +2)
You are immune to poison.
You resist negative energy. (rN+)
You are resistant to electric shocks. (rElec)
You are resistant to unholy torment.
You are immune to petrification.


Message History

A necrophage comes into view.
The dart slug launches a dart at you. The slug dart hits you.
You completely miss the dart slug. The dart slug misses you.
You hit the dart slug but do no damage. The dart slug completely misses you.
You hit the dart slug.
The dart slug is moderately wounded.
The dart slug launches a dart at you. The slug dart misses you.
You hit the dart slug.
The dart slug is almost dead.
The dart slug bites you but does no damage.
You hit the dart slug.
You kill the dart slug!
You see here a +0 ring mail.
k - a +0 ring mail You start removing your armour.
You continue taking off your +0 leather armour. x4
You finish taking off your +0 leather armour.
You start putting on your armour.
You continue putting on your +0 ring mail. x5
You finish putting on your +0 ring mail.
A bullfrog skeleton comes into view.
Found 23 arrows. 3 gnolls come into view.
HP restored.
A necrophage comes into view.
You barely miss the necrophage. The necrophage hits you.
You hit the necrophage but do no damage.
The necrophage closely misses you.
The necrophage hits you but does no damage.
You completely miss the necrophage. The necrophage barely misses you.
You barely miss the necrophage. The necrophage closely misses you.
You sock the necrophage!
The necrophage is moderately damaged.
The necrophage hits you.
* * * LOW HITPOINT WARNING * * *
The necrophage barely misses you.
You feel yourself speed up. The necrophage hits you.
You die...

### #..# ##. # ##.#
###. #.## ###... #..#
###....# #..#
##....### #..#
####........ ##.##
####...........
#..#####..............
#..##@...####.........
#...n.#### #####.....
#...### ####.. ##.###
### #....# #..#.####
#.#n#....#
#..#.#..#.....#
#.##....# ....#


You could see a necrophage.

Vanquished Creatures
  A dart slug (D:5)
1 creature vanquished.

Notes
Turn   | Place    | Note
-------+----------+-------------------------------------------
     0 | D:5      | Elvor the Gargoyle Delver began the quest for the Orb.
     0 | D:5      | Reached XP level 1. HP: 14/14 MP: 1/1
    89 | D:5      | Noticed a necrophage
   251 | D:5      | Noticed a necrophage
   270 | D:5      | Slain by a necrophage

Illustrated notes

Levels and vault maps discovered:
D:5:      layout_cave_pods, minmay_misc_feat_columns

Action                   || total
-------------------------++-------
Melee: Mace              ||    10
  Use: Potion            ||     1
Armor: Leather armour    ||     1
       Ring mail         ||     1
Dodge: Dodged            ||     7
